AoeStats
← 知耻而后勇喜笑颜开

Arabia

510264349Analyzed
1v1 RM · 1d ago on Sep 30, 2026· 46m 54s· 2 players
Game mode
Random Map
Map size
Tiny (2 player)
Population
200
Speed
Normal
Resources
Standard
Victory
Conquest
Starting age
Dark Age
Ending age
Imperial Age
RankedLock teamsTeams togetherTeam positionsShared explorationLock speedFull tech treeHidden civsTurbo modeCheats
Victory
Defeat
1419
+17
🇹🇷 Turks · Türkiye
1436
-17
知耻而后勇喜笑颜开
6:04 Loom
8:55 Feudal Age
9:27 Double-Bit Axe
9:29 Town Watch
10:44 Wheelbarrow
25:13 Castle Age
24:08 Scale Barding Armor
24:31 Forging
25:25 Bloodlines
26:40 Husbandry
27:41 Hand Cart
27:37 Bow Saw
27:08 Horse Collar
29:20 Iron Casting
31:01 Chain Barding Armor
30:53 Fletching
32:10 Squires
33:32 Bodkin Arrow
33:59 Fervor
35:16 Sanctity
41:33 Imperial Age
39:42 Ballistics
39:32 Heavy Plow
40:28 Gold Mining
41:59 Devotion
41:36 Pikeman
42:16 Squires
42:50 Scale Mail Armor
43:50 Blast Furnace
43:22 Conscription
43:43 Guilds
42:58 Halberdier
44:54 Chain Mail Armor
47:30 Bracer
47:32 Padded Archer Armor
Berkay707
6:06 Loom
9:16 Feudal Age
14:51 Horse Collar
21:11 Castle Age
19:47 Gold Mining
19:57 Double-Bit Axe
30:39 Heavy Plow
32:00 Husbandry
33:20 Wheelbarrow
33:27 Bloodlines
33:35 Scale Barding Armor
35:06 Bow Saw
35:34 Gold Shaft Mining
39:24 Imperial Age
36:46 Town Watch
37:25 Forging
39:30 Heavy Camel Rider
46:27 Chain Barding Armor
46:43 Iron Casting
Connection lost

Rejoining the realm…

Still unreachable

The connection could not be restored.

Session expired

The server has moved on; the page needs a fresh start.